TOP OF THE 1ST |
San Jose Missions batting - Pitching for Albuquerque Isotopes : RHP Rafael Trujillo
|
Pitching: RHP Rafael Trujillo
|
|
Batting: LHB Phil Cantrell
|
0-0: Ball 1-0: Called Strike 1-1: SINGLE (Groundball, 34S) (infield hit)
|
Batting: RHB Ed Starr
|
0-0: Called Strike 0-1: Ball 1-1: Ball 2-1: Ball 3-1: Called Strike 3-2: Grounds into double play, 6-4-3 (Groundball, 6)
|
Batting: RHB Dale Taylor
|
0-0: Swinging Strike 0-1: Fly out, F9 (Flyball, 9S)
|
Top of the 1st over - 0 run(s), 1 hit(s), 0 error(s), 0 left on base; San Jose 0 - Albuquerque 0 |
BOTTOM OF THE 1ST |
Albuquerque Isotopes batting - Pitching for San Jose Missions : RHP Luis Ortíz
|
Pitching: RHP Luis Ortíz
|
|
Batting: RHB Arturo García
|
0-0: Ball 1-0: Foul Ball, location: 2F 1-1: Ball 2-1: Swinging Strike 2-2: Strikes out looking
|
Batting: RHB Dave Mullen
|
0-0: Ball 1-0: Ball 2-0: Ball 3-0: Called Strike 3-1: SINGLE (Groundball, 56D)
|
Batting: LHB Bernardo Montés
|
0-0: Ball 1-0: Called Strike 1-1: Ball 2-1: Ball 3-1: Foul Ball, location: 2F 3-2: Base on Balls Dave Mullen to second
|
Batting: LHB Mark Vestal
|
0-0: Ball 1-0: Ball 2-0: Ball 3-0: Called Strike 3-1: Base on Balls Dave Mullen to third Bernardo Montés to second
|
Batting: LHB António De Los Ángeles
|
0-0: Ball 1-0: SINGLE (Groundball, 6MD) Dave Mullen scores Bernardo Montés to third Mark Vestal to second Runner from 3rd tries for Home, SAFE, throw made home
|
Batting: RHB Alfonso Huertas
|
0-0: Foul Ball, location: 2F 0-1: Hit by Pitch Mark Vestal to third António De Los Ángeles to second
|
Batting: RHB Juan Alberto
|
0-0: Called Strike 0-1: Foul Ball, location: 2F 0-2: Ball 1-2: Strikes out swinging
|
Batting: LHB Fernando Ortíz
|
0-0: Called Strike 0-1: DOUBLE (Line Drive, 8LD) Mark Vestal scores António De Los Ángeles scores Alfonso Huertas to third Runner from 3rd tries for Home, SAFE, no throw
|
Batting: LHB A.J. Major
|
0-0: Swinging Strike 0-1: Ball 1-1: Foul Ball, location: 2F 1-2: Ball 2-2: SINGLE (Line Drive, 7S) Fernando Ortíz to third Runner from 3rd tries for Home, SAFE, no throw
|
Batting: RHB Arturo García
|
0-0: Called Strike 0-1: Fielders Choice at 2nd, 5-4 (Groundball, 5L)
|
Bottom of the 1st over - 6 run(s), 4 hit(s), 0 error(s), 0 left on base; San Jose 0 - Albuquerque 6 |
TOP OF THE 2ND |
San Jose Missions batting - Pitching for Albuquerque Isotopes : RHP Rafael Trujillo
|
Batting: RHB Bob Orr
|
0-0: Swinging Strike 0-1: Ball 1-1: Swinging Strike 1-2: Ball 2-2: Foul Ball, location: 2F 2-2: Strikes out looking
|
Batting: RHB Chang-geun Kim
|
0-0: SINGLE (Groundball, 6D)
|
Batting: LHB Miguel Montés
|
0-0: Ball 1-0: Called Strike 1-1: Called Strike 1-2: Fly out, F8 (Line Drive, 78M)
|
Batting: RHB Andrew Benson
|
0-0: Called Strike 0-1: Ball 1-1: Foul Ball, location: 2F 1-2: Ball 2-2: SINGLE (Flyball, 6D) Chang-geun Kim to second
|
Batting: RHB Peter Bishop
|
0-0: Ball 1-0: Foul Ball, location: 2F 1-1: Foul Ball, location: 2F 1-2: Fly out, F8 (Flyball, 8LXD)
|
Top of the 2nd over - 0 run(s), 2 hit(s), 0 error(s), 2 left on base; San Jose 0 - Albuquerque 6 |
BOTTOM OF THE 2ND |
Albuquerque Isotopes batting - Pitching for San Jose Missions : RHP Luis Ortíz
|
Batting: RHB Dave Mullen
|
0-0: Ball 1-0: Ball 2-0: Foul Ball, location: 2F 2-1: Ball 3-1: Base on Balls
|
Batting: LHB Bernardo Montés
|
0-0: Ball 1-0: Foul Ball, location: 2F 1-1: Fly out, F6 (Popup, 5D)
|
Batting: LHB Mark Vestal
|
0-0: Ball 1-0: Grounds into double play, 4-6-3 (Groundball, 34)
|
Bottom of the 2nd over - 0 run(s), 0 hit(s), 0 error(s), 0 left on base; San Jose 0 - Albuquerque 6 |
TOP OF THE 3RD |
San Jose Missions batting - Pitching for Albuquerque Isotopes : RHP Rafael Trujillo
|
Batting: LHB Wilson Vecino
|
0-0: Ball 1-0: Foul Ball, location: 2F 1-1: Ball 2-1: Fly out, F7 (Flyball, 7S)
|
Batting: LHB Phil Cantrell
|
0-0: Ground out 4-3 (Groundball, 4)
|
Batting: RHB Ed Starr
|
0-0: Swinging Strike 0-1: Ball 1-1: Swinging Strike 1-2: Foul Ball, location: 2F 1-2: Ground out 6-3 (Groundball, 6)
|
Top of the 3rd over - 0 run(s), 0 hit(s), 0 error(s), 0 left on base; San Jose 0 - Albuquerque 6 |
BOTTOM OF THE 3RD |
Albuquerque Isotopes batting - Pitching for San Jose Missions : RHP Luis Ortíz
|
Batting: LHB António De Los Ángeles
|
0-0: Foul Ball, location: 2F 0-1: Ball 1-1: Ball 2-1: Ball 3-1: Base on Balls
|
Batting: RHB Alfonso Huertas
|
0-0: Fly out, F7 (Flyball, 7)
|
Batting: RHB Juan Alberto
|
0-0: Swinging Strike 0-1: Fly out, F8 (Flyball, 8RXD)
|
Batting: LHB Fernando Ortíz
|
0-0: Called Strike 0-1: Ball 1-1: Foul Ball, location: 2F 1-2: Strikes out swinging
|
Bottom of the 3rd over - 0 run(s), 0 hit(s), 0 error(s), 1 left on base; San Jose 0 - Albuquerque 6 |
TOP OF THE 4TH |
San Jose Missions batting - Pitching for Albuquerque Isotopes : RHP Rafael Trujillo
|
Batting: RHB Dale Taylor
|
0-0: Ball 1-0: Ball 2-0: Fly out, F7 (Flyball, 78M)
|
Batting: RHB Bob Orr
|
0-0: Ball 1-0: Ball 2-0: Called Strike 2-1: Ball 3-1: Ground out U3 (Groundball, 34S)
|
Batting: RHB Chang-geun Kim
|
0-0: Called Strike 0-1: Ball 1-1: Foul Ball, location: 2F 1-2: Strikes out looking
|
Top of the 4th over - 0 run(s), 0 hit(s), 0 error(s), 0 left on base; San Jose 0 - Albuquerque 6 |
BOTTOM OF THE 4TH |
Albuquerque Isotopes batting - Pitching for San Jose Missions : RHP Luis Ortíz
|
Batting: LHB A.J. Major
|
0-0: SINGLE (Groundball, 4S) (infield hit)
|
Batting: RHB Arturo García
|
0-0: Ball 1-0: Ball 2-0: DOUBLE (Groundball, 5L) A.J. Major to third
|
Batting: RHB Dave Mullen
|
0-0: Ball 1-0: Called Strike 1-1: Ball 2-1: Foul Ball, location: 2F 2-2: Ball 3-2: 3-RUN HOME RUN (Flyball, 9D), Distance : 360 ft
|
Batting: LHB Bernardo Montés
|
0-0: Ball 1-0: Foul Ball, location: 2F 1-1: Ball 2-1: Called Strike 2-2: Strikes out swinging
|
Batting: LHB Mark Vestal
|
0-0: Ball 1-0: Foul Ball, location: 2F 1-1: Foul Ball, location: 2F 1-2: Foul Ball, location: 2F 1-2: Ball 2-2: Fly out, F7 (Flyball, 78M)
|
Pitching: RHP Micheal Wood
|
|
Batting: LHB António De Los Ángeles
|
0-0: Ball 1-0: Ground out 5-3 (Groundball, 56S)
|
Bottom of the 4th over - 3 run(s), 3 hit(s), 0 error(s), 0 left on base; San Jose 0 - Albuquerque 9 |
TOP OF THE 5TH |
San Jose Missions batting - Pitching for Albuquerque Isotopes : RHP Rafael Trujillo
|
Batting: LHB Miguel Montés
|
0-0: Ball 1-0: Ground out 4-3 (Groundball, 34)
|
Batting: RHB Andrew Benson
|
0-0: Called Strike 0-1: Called Strike 0-2: Ball 1-2: Ball 2-2: Fly out, F8 (Flyball, 8LM)
|
Batting: RHB Peter Bishop
|
0-0: Ball 1-0: Foul Ball, location: 2F 1-1: Swinging Strike 1-2: Fly out, F8 (Flyball, 89M)
|
Top of the 5th over - 0 run(s), 0 hit(s), 0 error(s), 0 left on base; San Jose 0 - Albuquerque 9 |
BOTTOM OF THE 5TH |
Albuquerque Isotopes batting - Pitching for San Jose Missions : RHP Micheal Wood
|
Batting: RHB Alfonso Huertas
|
0-0: Called Strike 0-1: Foul Ball, location: 2F 0-2: Strikes out looking
|
Batting: RHB Juan Alberto
|
0-0: Ball 1-0: Fly out, F8 (Flyball, 8LS)
|
Batting: LHB Fernando Ortíz
|
0-0: Ball 1-0: Ball 2-0: Called Strike 2-1: Ground out 4-3 (Groundball, 4)
|
Bottom of the 5th over - 0 run(s), 0 hit(s), 0 error(s), 0 left on base; San Jose 0 - Albuquerque 9 |
TOP OF THE 6TH |
San Jose Missions batting - Pitching for Albuquerque Isotopes : RHP Rafael Trujillo
|
Batting: LHB Wilson Vecino
|
0-0: Ball 1-0: Ground out 4-3 (Groundball, 4)
|
Batting: LHB Phil Cantrell
|
0-0: Called Strike 0-1: Ball 1-1: Ball 2-1: Foul Ball, location: 2F 2-2: Foul Ball, location: 2F 2-2: Foul Ball, location: 2F 2-2: Ball 3-2: Base on Balls
|
Batting: RHB Ed Starr
|
0-0: Ball 1-0: Ball 2-0: Ball 3-0: Base on Balls Phil Cantrell to second
|
Batting: RHB Dale Taylor
|
0-0: Ball 1-0: SINGLE (Groundball, 6MD) Phil Cantrell to third Ed Starr to second Runner from 3rd tries for Home, SAFE, no throw
|
Batting: RHB Bob Orr
|
0-0: Called Strike 0-1: Foul Ball, location: 2F 0-2: Strikes out swinging
|
Batting: RHB Chang-geun Kim
|
0-0: Ball 1-0: Fielders Choice at 2nd, 5-4 (Groundball, 56)
|
Top of the 6th over - 1 run(s), 1 hit(s), 0 error(s), 1 left on base; San Jose 1 - Albuquerque 9 |
BOTTOM OF THE 6TH |
Albuquerque Isotopes batting - Pitching for San Jose Missions : RHP Micheal Wood
|
Batting: LHB A.J. Major
|
0-0: Fly out, F4 (Popup, 4D)
|
Batting: RHB Arturo García
|
0-0: Ball 1-0: Swinging Strike 1-1: Foul Ball, location: 2F 1-2: Ball 2-2: Strikes out swinging
|
Batting: RHB Dave Mullen
|
0-0: Called Strike 0-1: Swinging Strike 0-2: SINGLE (Line Drive, 9LM)
|
Batting: LHB Bernardo Montés
|
0-0: Foul Ball, location: 2F 0-1: Ball 1-1: Ball 2-1: Swinging Strike 2-2: Foul Ball, location: 2F 2-2: Foul Ball, location: 2F 2-2: Foul Ball, location: 2F 2-2: Ball Dave Mullen steals 2nd base 3-2: Foul Ball, location: 2F 3-2: Fly out, F9 (Flyball, 9)
|
Bottom of the 6th over - 0 run(s), 1 hit(s), 0 error(s), 1 left on base; San Jose 1 - Albuquerque 9 |
TOP OF THE 7TH |
San Jose Missions batting - Pitching for Albuquerque Isotopes : RHP Rafael Trujillo
|
Batting: LHB Miguel Montés
|
0-0: Foul Ball, location: 2F 0-1: Ball 1-1: Ball 2-1: Foul Ball, location: 2F 2-2: Ball 3-2: Strikes out looking
|
Batting: RHB Andrew Benson
|
0-0: Foul Ball, location: 2F 0-1: SOLO HOME RUN (Flyball, 78XD), Distance : 390 ft
|
Batting: RHB Peter Bishop
|
0-0: Called Strike 0-1: Foul Ball, location: 2F 0-2: Strikes out looking
|
Batting: LHB Wilson Vecino
|
0-0: Fly out, F9 (Flyball, 9LM)
|
Top of the 7th over - 1 run(s), 1 hit(s), 0 error(s), 0 left on base; San Jose 2 - Albuquerque 9 |
BOTTOM OF THE 7TH |
Albuquerque Isotopes batting - Pitching for San Jose Missions : RHP Micheal Wood
|
Pitching: RHP Mark Bidwell
|
|
Batting: LHB Mark Vestal
|
0-0: Swinging Strike 0-1: Ball 1-1: Foul Ball, location: 2F 1-2: Strikes out looking
|
Batting: LHB António De Los Ángeles
|
0-0: Foul Ball, location: 2F 0-1: Called Strike 0-2: Ball 1-2: Ball 2-2: Ball 3-2: Base on Balls
|
Batting: RHB Alfonso Huertas
|
0-0: Ball 1-0: Called Strike 1-1: Ball 2-1: Ball 3-1: Called Strike 3-2: Foul Ball, location: 2F 3-2: Base on Balls António De Los Ángeles to second
|
Batting: RHB Juan Alberto
|
0-0: Grounds into double play, 6-4-3 (Groundball, 6)
|
Bottom of the 7th over - 0 run(s), 0 hit(s), 0 error(s), 1 left on base; San Jose 2 - Albuquerque 9 |
TOP OF THE 8TH |
San Jose Missions batting - Pitching for Albuquerque Isotopes : RHP Rafael Trujillo
|
Pitching: RHP Kenny Skinner
|
|
Batting: LHB Phil Cantrell
|
0-0: Ball 1-0: Swinging Strike 1-1: Foul Ball, location: 2F 1-2: Foul Ball, location: 2F 1-2: Ground out U3 (Groundball, 3)
|
Batting: RHB Ed Starr
|
0-0: DOUBLE (Line Drive, 8LD)
|
Batting: RHB Dale Taylor
|
0-0: Called Strike 0-1: Ball 1-1: Ball 2-1: Swinging Strike 2-2: Ball 3-2: Strikes out swinging
|
Batting: RHB Bob Orr
|
0-0: Ball 1-0: Ball 2-0: Called Strike 2-1: Ball 3-1: Fly out, F9 (Flyball, 89D)
|
Top of the 8th over - 0 run(s), 1 hit(s), 0 error(s), 1 left on base; San Jose 2 - Albuquerque 9 |
BOTTOM OF THE 8TH |
Albuquerque Isotopes batting - Pitching for San Jose Missions : RHP Mark Bidwell
|
Batting: LHB Fernando Ortíz
|
0-0: DOUBLE (Line Drive, 9LM)
|
Batting: LHB A.J. Major
|
0-0: Fly out, F8 (Line Drive, 8LM)
|
Pitching: RHP Paul Lewis
|
|
Batting: RHB Arturo García
|
0-0: Ball 1-0: Ball 2-0: Ground out 5-3 (Groundball, 56S) Fernando Ortíz to third
|
Batting: RHB Dave Mullen
|
0-0: Ball 1-0: Called Strike 1-1: Ball 2-1: Fly out, F8 (Flyball, 8RM)
|
Bottom of the 8th over - 0 run(s), 1 hit(s), 0 error(s), 1 left on base; San Jose 2 - Albuquerque 9 |
TOP OF THE 9TH |
San Jose Missions batting - Pitching for Albuquerque Isotopes : RHP Kenny Skinner
|
Pitching: RHP Manny Muńóz
|
|
Batting: RHB Chang-geun Kim
|
0-0: Foul Ball, location: 2F 0-1: Foul Ball, location: 2F 0-2: Strikes out swinging
|
Batting: LHB Miguel Montés
|
0-0: Ball 1-0: Foul Ball, location: 2F 1-1: Ball 2-1: Foul Ball, location: 2F 2-2: Foul Ball, location: 2F 2-2: Ground out 4-3 (Groundball, 4)
|
Batting: RHB Andrew Benson
|
0-0: Ball 1-0: Called Strike 1-1: Swinging Strike 1-2: Ball 2-2: Strikes out swinging
|
Top of the 9th over - 0 run(s), 0 hit(s), 0 error(s), 0 left on base; San Jose 2 - Albuquerque 9 |
|